 Dungeon Crawl Stone Soup version 0.31.0-12-g77e489cdc1 (webtiles) character file.

Game seed: 6033587235676879334

39 Silvore the Trooper (level 3, -2/29 HPs)
             Began as a Demonspawn Fighter on Feb 15, 2024.
             Slain by a kobold
             ... wielding a +0 short sword
              (3 damage)
             ... on level 2 of the Dungeon.
             The game lasted 00:01:24 (1220 turns).

Silvore the Trooper (Demonspawn Fighter)            Turns: 1220, Time: 00:01:25

Health: -2/29      AC:  3    Str: 17      XL:     3   Next: 26%
Magic:  2/2        EV:  9    Int: 12      God:
Gold:   45         SH:  4    Dex: 10 (11) Spells: 2/2 levels left

rFire   . . .        a - +0 long sword
rCold   . . .        c - +0 buckler
rNeg    . . .        b - +0 scale mail
rPois   .            (no helmet)
rElec   .            (no cloak)
rCorr   .            (no gloves)
SInv    .            (no boots)
Will    .....        (no amulet) Stlth
                     (no ring)
HPRegen 0.24/turn    (no ring)
MPRegen 0.08/turn

%: no passive effects
@: no status effects
A: hooves 1, clever 1, deformed body, deterioration 1, low MP 1
a: no special abilities


You were on level 2 of the Dungeon.
You visited 1 branch of the dungeon, and saw 2 of its levels.

You collected 45 gold pieces.

Inventory:

Hand Weapons
 a - a +0 long sword (weapon)
Armour
 b - a +0 scale mail (worn)
 c - a +0 buckler (worn)
Potions
 d - a potion of might


   Skills:
 + Level 3.3 Fighting
 + Level 2.1 Long Blades
 + Level 3.0 Armour
 + Level 0.2 Dodging
 + Level 3.1 Shields


You had 2 spell levels left.
You didn't know any spells.
Your spell library contained the following spells:

 Spells                   Type           Power      Damage    Failure   Level
 Apportation              Tloc           0%         N/A       80%         1
 Necrotise                Necr           0%         1d4       80%         1
 Sting                    Conj/Alch      0%         1d3       80%         1
 Summon Small Mammal      Summ           0%         N/A       80%         1


Dungeon Overview and Level Annotations

Branches:
Dungeon (2/15)

Altars:


Innate Abilities, Weirdness & Mutations

You have large cloven feet.
Your mind is acute. (Int +4, Str/Dex -1)
Armour fits poorly on your strangely shaped body.
Your body sometimes deteriorates upon taking damage.
Your magical capacity is low. (-10% MP)


Message History

The kobold hits you with a +0 short sword.
The kobold hits you with a +0 short sword.
Your body deteriorates!
You feel clumsy. The kobold barely misses you. The kobold closely misses you.
You block the kobold's attack. You block the kobold's attack.
The kobold closely misses you. The kobold closely misses you.
The kobold hits you but does no damage. The kobold hits you but does no damage.
You block the kobold's attack. You block the kobold's attack.
The kobold hits you with a +0 short sword.
The kobold barely misses you. The kobold barely misses you.
The kobold hits you but does no damage. The kobold hits you but does no damage.
The kobold barely misses you.
The kobold hits you with a +0 short sword.
The kobold hits you but does no damage.
The kobold hits you with a +0 short sword.
You block the kobold's attack.
The kobold hits you with a +0 short sword.
The kobold hits you with a +0 short sword.
The kobold closely misses you. The kobold hits you but does no damage.
The kobold hits you with a +0 short sword.
The kobold hits you with a +0 short sword.
* * * LOW HITPOINT WARNING * * *
The kobold hits you but does no damage.
The kobold hits you with a +0 short sword.
* * * LOW HITPOINT WARNING * * *
The kobold hits you with a +0 short sword.
* * * LOW HITPOINT WARNING * * *
You block the kobold's attack.
The kobold hits you with a +0 short sword.
* * * LOW HITPOINT WARNING * * *
The kobold hits you with a +0 short sword.
You die...

########
#...<.@#
#.####K#
..# ##..
#.## ..#
###


You could see a kobold.

Vanquished Creatures
  A gnoll (D:1)
  A dart slug (D:1)
  A bat (D:1)
  4 endoplasms (D:1)
  2 goblins (D:1)
  5 hobgoblins (D:1)
  2 jackals (D:1)
  3 kobolds (D:1)
  2 ball pythons (D:1)
  A frilled lizard (D:1)
  2 rats (D:1)
24 creatures vanquished.

Notes
Turn   | Place    | Note
-------+----------+-------------------------------------------
     0 | D:1      | Silvore the Demonspawn Fighter began the quest for the Orb.
     0 | D:1      | Reached XP level 1. HP: 18/18 MP: 1/1
   127 | D:1      | Gained mutation: You have large cloven feet. [demonic
                  | ancestry]
   127 | D:1      | Reached XP level 2. HP: 24/24 MP: 2/2
   306 | D:1      | Reached XP level 3. HP: 29/29 MP: 3/3
   471 | D:1      | Found a faded altar of an unknown god.
  1115 | D:1      | Gained mutation: Your mind is acute. (Int +4, Str/Dex -1)
                  | [potion of mutation]
  1115 | D:1      | Gained mutation: You are somewhat resistant to further
                  | mutation. [potion of mutation]
  1116 | D:1      | Lost mutation: You are somewhat resistant to further
                  | mutation. [potion of mutation]
  1116 | D:1      | Lost mutation: Your mind is acute. (Int +4, Str/Dex -1)
                  | [potion of mutation]
  1116 | D:1      | Gained mutation: Your spells are a little harder to cast,
                  | but a little more powerful. [potion of mutation]
  1116 | D:1      | Gained mutation: Your body sometimes deteriorates upon
                  | taking damage. [potion of mutation]
  1116 | D:1      | Gained mutation: You are frail. (-10% HP) [potion of
                  | mutation]
  1116 | D:1      | Gained mutation: Your spells are harder to cast, but more
                  | powerful. [potion of mutation]
  1117 | D:1      | Lost mutation: You are frail. (-10% HP) [potion of
                  | mutation]
  1117 | D:1      | Lost mutation: Your body sometimes deteriorates upon taking
                  | damage. [potion of mutation]
  1117 | D:1      | Gained mutation: Armour fits poorly on your strangely
                  | shaped body. [potion of mutation]
  1117 | D:1      | Gained mutation: You are somewhat resistant to further
                  | mutation. [potion of mutation]
  1118 | D:1      | Lost mutation: Your spells are harder to cast, but more
                  | powerful. [potion of mutation]
  1118 | D:1      | Lost mutation: You are somewhat resistant to further
                  | mutation. [potion of mutation]
  1118 | D:1      | Lost mutation: Your spells are a little harder to cast, but
                  | a little more powerful. [potion of mutation]
  1118 | D:1      | Gained mutation: Your magical capacity is low. (-10% MP)
                  | [potion of mutation]
  1118 | D:1      | Gained mutation: Your body sometimes deteriorates upon
                  | taking damage. [potion of mutation]
  1118 | D:1      | Gained mutation: Your mind is acute. (Int +4, Str/Dex -1)
                  | [potion of mutation]
  1219 | D:2      | HP: 1/29 [kobold/+0 short sword (2)]
  1220 | D:2      | Slain by a kobold

Illustrated notes

Levels and vault maps discovered:
D:1:      saegor_arrival_simple_b, layout_basic, ebering_ecumenical_altar_rust
D:2:      minmay_recursive_quarters, layout_loops_cross, serial_shops,
          nicolae_square_shop, uniq_robin

Skill      XL: |  1  2 |
---------------+-------+-----
Long Blades    | 2 |  2.1
Shields        | 3 |  3.1
Armour         | 3 |  3.0
Fighting       | |  3.3
Dodging        | |  0.2

Action                     || total
---------------------------++-------
  Melee: Long sword        ||    59
         Kick              ||    11
    Use: Potion            ||     4
         Scroll            ||     2
 Armour: Scale mail        ||    59
  Dodge: Dodged            ||    30
  Block: Buckler           ||    22
